 Dungeon Crawl Stone Soup version 0.31.0 (webtiles) character file.

Game seed: 12360681081573991846

1520609 Implojin the Wrestler (level 27, 210/210 (242) HPs)
             Began as a Formicid Cinder Acolyte on Jan 19, 2024.
             Was an Initiate of Ignis.
             Escaped with the Orb
             ... and 3 runes on Jan 20, 2024!
             The game lasted 03:52:40 (86200 turns).

Implojin the Wrestler (Formicid Cinder Acolyte)    Turns: 86200, Time: 03:52:41

HP:   210/210 (242) AC: 39    Str: 24    XL:     27
MP:   24/24         EV: 30    Int: 19    God:    Ignis [......]
Gold: 6859          SH: 24    Dex: 21    Spells: 27/28 levels left

rFire   + +          +
                       - Unarmed
rCold   + + +        p - +2 kite shield {rC+ rF+}
rNeg    . . .        g - +8 ice dragon scales
rPois   .            (helmet unavailable)
rElec   +            m - +2 cloak
rCorr   .            J - +2 pair of gloves of Shielding {Regen+, let's gooo}
SInv    +            E - +2 pair of boots {Stlth+}
Will    ++++.        H - brooch of Shielding {Spirit SH+8}
Stlth   ++           U - ring of the Will of the Gods {rElec rF+ Str+2 Int+6}
HPRegen 1.35/turn    b - ring "Holoffid" {rF++ Will+ EV+5 Int-2}
MPRegen 0.19/turn

%: guardian spirit
@: studying Stealth, heavily drained
A: permanent stasis, dig shafts and tunnels, antennae 3, four strong arms, claws
1, agile 1, strong-willed 1, mutation resistance 1, shaggy fur 1
0: Orb of Zot
}: 3/15 runes: barnacled, silver, gossamer
a: Dig, Shaft Self, Renounce Religion


You escaped.
You worshipped Ignis.
Ignis was noncommittal.
You visited 10 branches of the dungeon, and saw 48 of its levels.
You visited the Abyss 3 times.
You also visited: Bailey.

You collected 10365 gold pieces.
You spent 3506 gold pieces at shops.

Inventory:

Hand Weapons
 u - a +3 dire flail of distortion
Missiles
 d - 4 atropa-tipped darts
 o - a boomerang (quivered)
 x - 4 poisoned darts
 D - 18 silver javelins
 M - 13 javelins
 Y - 6 curare-tipped darts
Armour
 g - +8 ice dragon scales (worn)
 m - a +2 cloak (worn)
 p - a +2 kite shield of resistance (worn)
 q - the +5 scale mail of the Spheres {Dex+3 Slay+2}
   (You bought it in a shop on level 1 of the Orcish Mines)

   Dex+3:     It affects your dexterity (+3).
   Slay+2:    It affects your accuracy & damage with ranged weapons and melee
   (+2).
 t - a +8 chain mail of ponderousness
 E - a +2 pair of boots of stealth (worn)
 J - the +2 pair of gloves of Shielding (worn) {Regen+, let's gooo}
   (You found it on level 4 of the Shoals)

   Regen+:    It increases your rate of health regeneration.
 W - the +5 leather armour of Henotheism {rElec rF- Dex+8 SInv}
   (You found it on level 4 of the Shoals)

   Dex+8:     It affects your dexterity (+8).
   rF-:       It makes you vulnerable to fire.
   rElec:     It insulates you from electricity.
   SInv:      It lets you see invisible.
 X - a scarf of repulsion
Jewellery
 b - the ring "Holoffid" (right hand) {rF++ Will+ EV+5 Int-2}
   (You acquired it on level 9 of the Dungeon)

   [ring of evasion]

   EV+5:      It affects your evasion (+5).
   Int-2:     It affects your intelligence (-2).
   rF++:      It greatly protects you from fire.
   Will+:     It increases your willpower.
 j - the ring "Saocw" {Wiz Fly rCorr Str-5 Int+2 Dex+3}
   (You took it off a vampire knight on level 2 of the Depths)

   [ring of wizardry]

   Wiz:       It improves your spell success rate.
   Str-5:     It affects your strength (-5).
   Int+2:     It affects your intelligence (+2).
   Dex+3:     It affects your dexterity (+3).
   Fly:       It grants you flight.
   rCorr:     It protects you from acid and corrosion.
 s - a ring of flight
 w - a +4 ring of protection
 G - the ring "Zeidwuvu" {Wiz rPois rF+ Dex+5}
   (You took it off an orc on level 5 of the Vaults)

   [ring of wizardry]

   Wiz:       It improves your spell success rate.
   Dex+5:     It affects your dexterity (+5).
   rF+:       It protects you from fire.
   rPois:     It protects you from poison
 H - the brooch of Shielding (around neck) {Spirit SH+8}
   (You took it off an orc warrior on level 5 of the Vaults)

   [amulet of guardian spirit]

   Spirit:    It causes incoming damage to be divided between your reserves of
   health and magic.
   SH+8:      It affects your SH (+8).
 U - the ring of the Will of the Gods (left hand) {rElec rF+ Str+2 Int+6}
   (You took it off a deep elf death mage on level 3 of the Elven Halls)

   [ring of intelligence]

   Str+2:     It affects your strength (+2).
   Int+6:     It affects your intelligence (+6).
   rF+:       It protects you from fire.
   rElec:     It insulates you from electricity.
Wands
 F - a wand of roots (13)
 N - a wand of mindburst (17)
 R - a wand of paralysis (12)
Scrolls
 k - a scroll of silence
 y - 5 scrolls of fear
 C - 3 scrolls of vulnerability
 I - a scroll of butterflies
 P - 3 scrolls of immolation
 Q - 8 scrolls of revelation
 S - 6 scrolls of fog
Potions
 c - a potion of attraction
 f - 5 potions of magic
 i - 3 potions of lignification
 l - 13 potions of curing
 B - 3 potions of invisibility
 K - 4 potions of resistance
 O - 4 potions of enlightenment
 T - 13 potions of mutation
 V - 2 potions of heal wounds
 Z - 3 potions of ambrosia
Miscellaneous
 a - a phantom mirror
 h - a lightning rod (4/4)
 r - a box of beasts
 z - a phial of floods
 L - a tin of tremorstones (2/2)


   Skills:
 - Level 25.0 Fighting
 - Level 10.0 Throwing
 - Level 22.0 Armour
 - Level 23.0 Dodging
 - Level 15.0 Stealth
 - Level 14.3 Shields
 * Level 25.0 Unarmed Combat
 - Level 1.1 Spellcasting
 - Level 3.0 Fire Magic
 - Level 8.0 Evocations


You had 27 spell levels left.
You knew the following spells:

 Your Spells              Type           Power      Damage    Failure   Level
a - Apportation           Tloc           2%         N/A       45%         1

Your spell library contained the following spells:

 Spells                   Type           Power      Damage    Failure   Level
 Scorch                   Fire           24%        2d6       22%         2
 Freeze                   Ice            4%         1d3       45%         1
 Magic Dart               Conj           4%         1d3       45%         1
 Necrotise                Necr           4%         1d4       45%         1
 Sandblast                Erth           2%         2d4       45%         1
 Slow                     Hex            4%         N/A       45%         1
 Sting                    Conj/Alch      4%         1d3       45%         1
 Summon Small Mammal      Summ           4%         N/A       45%         1
 Call Imp                 Summ           2%         N/A       58%         2
 Cigotuvi's Dreadful Rot  Necr/Alch/Air  2%         N/A       58%         2
 Ensorcelled Hibernation  Hex/Ice        2%         N/A       58%         2
 Jinxbite                 Hex            2%         N/A       58%         2
 Lesser Beckoning         Tloc           2%         N/A       58%         2
 Mercury Vapours          Alch/Air       2%         N/A       58%         2
 Momentum Strike          Conj/Tloc      2%         3d8       58%         2
 Sublimation of Blood     Necr           1%         N/A       58%         2
 Inner Flame              Hex/Fire       6%         N/A       63%         3
 Call Canine Familiar     Summ           1%         N/A       83%         3
 Confusing Touch          Hex            1%         N/A       83%         3
 Frozen Ramparts          Ice            2%         1d1       83%         3
 Hailstorm                Conj/Ice       1%         3d5       83%         3
 Mephitic Cloud           Conj/Alch/Air  1%         N/A       83%         3
 Ozocubu's Armour         Ice            1%         N/A       83%         3
 Passwall                 Erth           1%         N/A       83%         3
 Sigil of Binding         Hex            1%         N/A       83%         3
 Stone Arrow              Conj/Erth      2%         3d7       83%         3
 Summon Ice Beast         Ice/Summ       1%         N/A       83%         3
 Vampiric Draining        Necr           1%         2d6       83%         3
 Flame Wave               Conj/Fire      6%         2d5       95%         4
 Ignite Poison            Fire/Alch      6%         N/A       95%         4
 Sticky Flame             Fire/Alch      6%         2d4       95%         4
 Summon Blazeheart Golem  Fire/Summ      6%         N/A       95%         4
 Animate Armour           Summ/Erth      2%         N/A       99%         4
 Brom's Barrelling Bould  Conj/Erth      1%         2d3       99%         4
 Leda's Liquefaction      Alch/Erth      0%         N/A       99%         4
 Martyr's Knell           Necr/Summ      1%         N/A       99%         4
 Olgreb's Toxic Radiance  Alch           1%         N/A       99%         4
 Petrify                  Alch/Erth      1%         N/A       99%         4
 Alistair's Intoxication  Alch           0%         N/A       100%        5
 Arcjolt                  Conj/Air       0%         1d10      100%        5
 Curse of Agony           Necr           1%         N/A       100%        5
 Fireball                 Conj/Fire      3%         3d4       100%        5
 Freezing Cloud           Conj/Ice/Air   0%         6-21      100%        5
 Irradiate                Conj/Alch      0%         3d11      100%        5
 Iskenderun's Battlesphe  Conj           1%         2d6       100%        5
 Lee's Rapid Deconstruct  Erth           0%         3d4*      100%        5
 Metabolic Englaciation   Hex/Ice        0%         N/A       100%        5
 Silence                  Hex/Air        0%         N/A       100%        5
 Summon Forest            Summ/Tloc      0%         N/A       100%        5
 Summon Mana Viper        Hex/Summ       1%         N/A       100%        5
 Bombard                  Conj/Erth      0%         9d1       100%        6
 Conjure Ball Lightning   Conj/Air       0%         3x3d6     100%        6
 Plasma Beam              Fire/Air       3%         2x1d13    100%        6
 Sculpt Simulacrum        Ice/Alch       0%         N/A       100%        6
 Starburst                Conj/Fire      3%         6d3       100%        6
 Summon Cactus Giant      Summ           0%         N/A       100%        6
 Haunt                    Necr/Summ      0%         N/A       100%        7
 Monstrous Menagerie      Summ           0%         N/A       100%        7
 Orb of Destruction       Conj           0%         9d5       100%        7
 Ozocubu's Refrigeration  Ice            0%         4d7       100%        7
 Spellforged Servitor     Conj/Summ      0%         N/A       100%        7
 Discord                  Hex            0%         N/A       100%        8
 Lehudib's Crystal Spear  Conj/Erth      0%         10d2      100%        8
 Blink                    Tloc           Unusable   N/A       N/A         2
 Swiftness                Air            Unusable   N/A       N/A         3
 Vhi's Electric Charge    Tloc/Air       Unusable   N/A       N/A         4

Dungeon Overview and Level Annotations

Branches:
Dungeon (15/15)            Temple (1/1) D:7            Lair (5/5) D:11
 Shoals (4/4) Lair:3       Spider (4/4) Lair:2        Slime (0/5) Lair:4
    Orc (2/2) D:11            Elf (3/3) Orc:2        Vaults (5/5) D:13
  Crypt (0/3) Vaults:2     Depths (4/4) D:15            Zot (5/5) Depths:4
 Bailey (visited)

Altars:
Ashenzari
Cheibriados
Dithmenos
Elyvilon
Fedhas
Gozag
Hepliaklqana
Kikubaaqudgha
Makhleb
Nemelex Xobeh
Qazlal
Ru
Sif Muna
Trog
Uskayaw
Vehumet
Wu Jian
Xom
Yredelemnul
Zin
The Shining One
Jiyva
Lugonu

Shops:
D:9 *   D:14 !   Orc:1 [   Orc:2 ::!=   Elf:3 :=:   Vaults:1 (   Vaults:2 !*?
Vaults:3 *

Portals:
Hell: Depths:1 Depths:2 Depths:3 Depths:4
Abyss: Depths:1 Depths:2 Depths:3 Depths:4
Pandemonium: Depths:2
Ziggurat: Depths:4
Trove: D:15 (give horn of Geryon)

Annotations:
D:7 1 runed translucent door, exclusion: door, ZoaN's ghost, novice GrEE
D:9 exclusion: downstairs
D:10 exclusion: cyclops, Snorg
Temple 4 transporters
Vaults:4 36 runed translucent doors, exclusion: 36 doors
Depths:1 exclusion: orange crystal statue, Mara
Depths:3 exclusion: orange crystal statue


Innate Abilities, Weirdness & Mutations

You cannot be hasted, slowed, berserked, paralysed or teleported.
You can dig through walls and to a lower floor.
You have a pair of large antennae on your head. (SInv)
Your four strong arms can wield two-handed weapons with a shield.
You have sharp fingernails.
You are agile. (Dex +4, Str/Int -1)
You are strong-willed. (Will+)
You are somewhat resistant to further mutation.
You are covered in fur. (AC +1)


Message History

(N) Spider Nest (M) Slime Pits (O) Orcish Mines (E) Elven Halls (V) Vaults (C) Crypt (U) Depths (H) Hell (Z) Zot
Where to? (Tab/Enter - D:1 @ (x,y), ? - help)
An Executioner and 2 large abominations come into view.
There is a stone staircase leading up, spattered with blood here.
The Executioner gestures.
The Executioner seems to speed up.
There is a stone staircase leading up, spattered with blood here.
The Executioner barely misses you. You block the Executioner's attack.
The Executioner hits you but does no damage.
You block the Executioner's attack. x2
The Executioner hits you but does no damage.
You climb upwards.
There is a stone staircase leading down here.
Unknown command.
You see here a +0 flail.
There is a stone staircase leading up here.
You climb upwards.
There is a stone staircase leading down here.
Unknown command.
(D) Dungeon (T) Temple (L) Lair (A) Shoals (N) Spider Nest (M) Slime Pits (O) Orcish Mines (E) Elven Halls (V) Vaults (C) Crypt (U) Depths (H) Hell (Z) Zot
Where to? (Tab/Enter - D:1 @ (x,y), ? - help)
A hellwing comes into view.
There is a stone staircase leading up here.
You climb upwards.
There is a stone staircase leading down here.
Unknown command.
(D) Dungeon (T) Temple (L) Lair (A) Shoals (N) Spider Nest (M) Slime Pits (O) Orcish Mines (E) Elven Halls (V) Vaults (C) Crypt (U) Depths (H) Hell (Z) Zot
Where to? (Tab/Enter - D:1 @ (x,y), ? - help)
You sense a monster nearby.
There is a staircase leading out of the dungeon here.
Char dumped successfully.
You have escaped!

##.##.##.## #####..# #..##.
#####...#.#...# #### #.....
........####### ###...##
###.....# #.....# #.....#
#.#...## #.....# ♣♣♣♣♣
#.#..... ###...# ♣♣♣.♣.♣♣♣♣♣
#....##. #...#
♣♣♣....♣♣.♣.♣♣###.###.
##.##♣♣♣....@....♣♣.♣#...###.
#.##.♣.♣.♣...♣.♣......#...).
#.....♣.{♣♣♣♣♣♣♣♣♣♣♣#######.
#.....♣.♣♣ #† #.##♣♣♣♣♣
#####. #..# #..... #.##
#.#.## #.# #.#.# #.# ###
##.#.#


There were no monsters in sight!

Vanquished Creatures
  5 dread liches (Zot:5)
  An ancient lich (Zot:5)
  4 orbs of fire
  6 juggernauts
  2 pandemonium lords
  6 Killer Klowns (Zot:5)
  Margery (Vaults:3)
  Saint Roka (Vaults:1)
  A caustic shrike (Depths:3)
  Nikola (Vaults:1)
  A profane servitor (D:15)
  15 golden dragons
  Arachne (Spider:4)
  Norris (Elf:2)
  16 tentacled monstrosities
  A hellephant (Vaults:3)
  2 electric golems
  2 walking crystal tomes
  Asterion (Depths:1)
  A walking divine tome (Depths:2)
  25 Orb Guardians
  6 titans
  3 liches
  9 quicksilver dragons
  2 deep elf master archers (Elf:3)
  Polyphemus (Shoals:3)
  5 tentacled starspawn
  A deep elf blademaster (Elf:2)
  10 sphinxes
  An ancient champion (Vaults:2)
  2 krakens
  Kirke (D:14)
  4 death cobs
  An Executioner (Zot:5)
  6 shadow dragons
  16 storm dragons
  Roxanne (Elf:2)
  Donald (Vaults:1)
  7 tengu reavers
  5 draconian knights
  6 protean progenitors
  4 draconian monks
  12 fire giants
  15 frost giants
  12 ghost moths
  4 iron dragons
  6 draconian shifters
  13 vault wardens
  A balrug (Abyss:4)
  6 emperor scorpions
  7 deep elf sorcerers
  2 cacodemons (Abyss:4)
  4 draconian scorchers
  9 draconian annihilators
  2 orc warlords
  A formless jellyfish (Vaults:2)
  7 deep elf elementalists
  8 draconian stormcallers
  A broodmother (Spider:4)
  3 caustic shrike zombies
  17 ironbound preservers
  8 ironbound thunderhulks
  2 spriggan defenders (Depths:2)
  29 very ugly things
  A reaper (Depths:4)
  18 stone giants
  5 deep elf demonologists
  6 vampire knights
  A lorocyproca (D:15)
  14 green draconians
  13 black draconians
  An elemental wellspring (Depths:3)
  11 white draconians
  9 red draconians
  6 deep elf death magi
  11 deep elf annihilators
  10 purple draconians
  A war gargoyle (Vaults:5)
  3 bunyips
  11 yellow draconians
  13 spark wasps
  3 minotaurs
  15 dire elephants
  A green death (Abyss:4)
  6 merfolk impalers
  2 merfolk javelineers
  A crystal guardian (Vaults:3)
  7 yaktaur captains
  6 entropy weavers
  16 ettins
  9 fire dragons
  Josephine (Lair:4)
  A shambling mangrove (Abyss:4)
  5 deep elf high priests
  A merfolk avatar (Shoals:3)
  A spriggan skeleton (Depths:1)
  7 great orbs of eyes
  8 ice dragons
  5 rakshasas
  28 vault guards
  An alligator (shapeshifter) (Vaults:5)
  7 catoblepae
  2 death knights
  4 ogre magi
  12 centaur warriors
  8 spriggan air magi
  A peacekeeper (Vaults:3)
  14 boulder beetles
  5 hydras
  11 ironbound frosthearts
  2 ghost crabs (Abyss:4)
  2 radroaches (Spider:2)
  32 dancing weapons
  10 two-headed ogres
  8 spriggan berserkers
  15 satyrs
  7 deep troll shamans
  2 jorogumos (Spider:3)
  5 merfolk aquamancers
  5 tengu warriors
  19 death yaks
  A two-headed ogre (shapeshifter) (D:13)
  6 deep troll earth magi
  3 orc high priests
  A sun demon (Depths:2)
  6 thrashing horrors
  15 deep elf knights
  A vampire mage (Depths:1)
  An occultist (D:15)
  11 demonic crawlers
  A soul eater (D:15)
  A titan skeleton (Depths:2)
  8 skysharks
  5 hell knights
  5 wretched stars (Abyss:4)
  A fire crab (Abyss:4)
  4 sixfirhies
  A skyshark (shapeshifter) (Depths:1)
  4 iron trolls (Depths:2)
  8 pharaoh ants
  A shadow wraith (Abyss:4)
  A shadow demon (Abyss:4)
  2 skeletal warriors
  5 glowing orange brains
  11 sea snakes
  A glowing orange brain (shapeshifter) (Vaults:1)
  52 deep trolls
  13 orb spiders
  14 deep elf archers
  13 ironbound convokers
  2 flayed ghosts
  6 arcanists
  10 steelbarb worms
  5 lindwurms
  3 sun moths
  10 large abominations
  12 orc knights
  A steelbarb worm (shapeshifter) (Depths:4)
  A swamp dragon (Lair:5)
  13 harpies
  Pikel (D:5)
  A harpy (shapeshifter) (D:13)
  27 deep elf zephyrmancers
  37 starcursed masses
  12 phantasmal warriors
  31 ugly things
  10 necromancers
  9 fauns
  20 wolf spiders
  18 deep elf pyromancers
  A fire giant zombie (Depths:2)
  A sun moth (shapeshifter) (Depths:2)
  10 elephants (Lair:5)
  A frost giant zombie (Vaults:3)
  11 orc sorcerers
  A moth of wrath (shapeshifter) (D:15)
  A salamander (Depths:2)
  A will-o-the-wisp (Abyss:4)
  2 tengu skeletons
  18 manticores
  24 moths of wrath
  5 merfolk sirens
  5 cyclopes
  A rust devil (Zot:4)
  A worldbinder (Abyss:3)
  11 meliai
  2 eyes of devastation (shapeshifter) (Depths:4)
  4 water nymphs
  9 black mambas
  6 smoke demons
  25 vault sentinels
  A gargoyle (D:10)
  13 cane toads
  A water nymph (shapeshifter) (Depths:2)
  3 orange demons (Abyss:4)
  A cane toad (shapeshifter) (D:13)
  2 eyes of devastation (Abyss:4)
  10 yaktaurs
  5 torpor snails
  3 hellions (Zot:3)
  9 komodo dragons
  4 rime drakes
  An unseen horror (D:11)
  An efreet (Abyss:4)
  A kobold demonologist (D:11)
  4 tormentors
  4 freezing wraiths
  A red devil (D:8)
  24 merfolk
  2 tengu conjurers
  An ice devil (Abyss:4)
  6 ancient zymes (Abyss:4)
  A queen bee (shapeshifter) (D:14)
  A tengu simulacrum (Depths:2)
  A polar bear (Lair:4)
  3 wind drakes
  37 tarantellas
  7 trolls
  8 hornets
  A hellwing (Zot:5)
  5 blink frogs
  A dream sheep (shapeshifter) (Vaults:5)
  4 raiju
  An ettin zombie (Vaults:3)
  5 snapping turtles
  2 glass eyes
  6 dream sheep
  18 slime creatures
  A slime creature (shapeshifter) (Vaults:5)
  A frost giant simulacrum (Vaults:3)
  28 jumping spiders
  2 spriggans (Depths:3)
  5 wyverns
  Sigmund (D:4)
  5 air elementals
  3 shadows
  32 water elementals
  47 yaks
  22 culicivoras
  9 wraiths
  A vampire (D:11)
  3 ynoxinuls
  An ettin skeleton (Depths:1)
  5 basilisks
  A fire elemental (Elf:1)
  A human (shapeshifter) (D:13)
  4 steam dragons
  4 neqoxecs (Abyss:4)
  A golden eye (shapeshifter) (D:14)
  4 hogs
  A chaos spawn (Abyss:4)
  9 wargs
  41 redbacks
  Edmund (D:4)
  Menkaure (D:4)
  9 vampire mosquitoes
  12 small abominations
  2 acid dragons
  16 water moccasins
  A swamp drake (Lair:5)
  2 black bears
  A glowing shapeshifter skeleton (Depths:2)
  2 ice beasts (D:6)
  10 laughing skulls
  29 orc warriors
  A sky beast (D:7)
  A human zombie (Vaults:3)
  An elephant zombie (Lair:4)
  14 ogres
  5 wolves (Lair:5)
  16 centaurs
  3 lemures
  3 kobold brigands
  14 bullfrogs
  A brain worm (Abyss:4)
  2 komodo dragon zombies (Lair:4)
  2 earth elementals (Elf:1)
  A gnoll sergeant (D:11)
  4 scorpions
  4 wights
  6 killer bees
  5 howler monkeys
  7 electric eels
  3 bombardier beetles
  3 quasits
  3 hounds
  An iron imp (Abyss:4)
  3 jellies
  A gnoll bouda (D:7)
  10 orc priests
  13 iguanas
  3 sleepcaps
  32 orc wizards
  4 hell rats (Lair:2)
  11 gnolls
  9 adders
  5 shadow imps
  2 white imps (D:6)
  5 ufetubi
  A dart slug (D:2)
  2 ribbon worms
  75 orcs
  6 endoplasms
  2 giant cockroaches (D:2)
  18 goblins
  7 hobgoblins
  A quokka (D:1)
  5 ball pythons
  7 bats
  22 kobolds
  3 rats
  A ball lightning (Elf:3)
  2 starspawn tentacles
  6 tentacles
2221 creatures vanquished.

Vanquished Creatures (collateral kills)
  A caustic shrike (Depths:3)
  A vault warden (Vaults:1)
  A frost giant (Depths:3)
  A deep elf annihilator (Vaults:5)
  A vault guard (Vaults:5)
  A spriggan air mage (Depths:3)
6 creatures vanquished.

Vanquished Creatures (others)
  A shadow dragon (Depths:4)
  6 deep elf knights
  A fire crab (Abyss:4)
  A deep troll (Elf:2)
  A deep elf archer (Elf:1)
  A deep elf pyromancer (Elf:1)
  A will-o-the-wisp (Abyss:3)
  A deep elf zephyrmancer (Elf:1)
  A hellwing (Abyss:4)
  A tarantella (Spider:4)
  A water elemental (Elf:3)
  An orc (Orc:1)
  12 ball lightnings (Elf:3)
  45 foxfires
  14 starspawn tentacles
  28 tentacles
116 creatures vanquished.

Grand Total: 2343 creatures vanquished

Notes
Turn   | Place    | Note
-------+----------+-------------------------------------------
     0 | D:1      | Implojin the Formicid Cinder Acolyte began the quest for
                  | the Orb.
     0 | D:1      | Reached XP level 1. HP: 18/18 MP: 2/2
   164 | D:1      | Reached XP level 2. HP: 18/24 MP: 3/3
   416 | D:2      | Reached XP level 3. HP: 29/29 MP: 4/4
   470 | D:2      | Reached XP level 4. HP: 35/35 MP: 5/5
  1324 | D:3      | Reached skill level 5 in Unarmed Combat
  1417 | D:3      | Found a faded altar of an unknown god.
  1956 | D:3      | Reached XP level 5. HP: 41/41 MP: 6/6
  2448 | D:3      | Reached XP level 6. HP: 45/47 MP: 7/7
  2530 | D:4      | Noticed Menkaure
  2533 | D:4      | Killed Menkaure
  2768 | D:4      | Noticed Edmund
  2781 | D:4      | Killed Edmund
  2782 | D:4      | Reached XP level 7. HP: 52/52 MP: 8/8
  2787 | D:4      | Noticed Sigmund
  2800 | D:4      | Killed Sigmund
  3275 | D:4      | Reached skill level 5 in Fighting
  3275 | D:4      | Reached skill level 1 in Stealth
  3275 | D:4      | Reached XP level 8. HP: 21/62 MP: 9/9
  3627 | D:5      | Entered Level 5 of the Dungeon
  3676 | D:5      | Found a bloodstained altar of Trog.
  4513 | D:5      | Reached skill level 5 in Stealth
  4740 | D:5      | Noticed Pikel
  4768 | D:5      | Killed Pikel
  4843 | D:5      | Reached XP level 9. HP: 61/68 MP: 10/10
  5344 | D:6      | Found a glowing golden altar of the Shining One.
  5808 | D:5      | Reached skill level 10 in Unarmed Combat
  5810 | D:6      | :fug
  6522 | D:6      | Reached XP level 10. HP: 72/79 MP: 11/11
  6919 | D:7      | Found a staircase to the Ecumenical Temple.
  6939 | Temple   | Found a transporter.
  6939 | Temple   | Found a transporter.
  6939 | Temple   | Found a transporter.
  6939 | Temple   | Found a transporter.
  6939 | Temple   | Entered the Ecumenical Temple
  7068 | D:7      | Found a runed translucent door.
  7070 | D:7      | Noticed ZoaN's ghost (novice GrEE)
  7088 | D:7      | Found an ancient bone altar of Kikubaaqudgha.
  7523 | D:7      | Found a basalt altar of Yredelemnul.
  8589 | D:8      | Noticed a two-headed ogre
  8745 | D:8      | Found a sacrificial altar of Ru.
  8748 | D:8      | Found a sparkling altar of Nemelex Xobeh.
  9082 | D:9      | Identified 2 scrolls of acquirement
  9082 | D:9      | :big gold or a fly amulet for the bailey
  9082 | D:9      | Acquired the amulet "Higataud" {RegenMP Fly rN+}
  9084 | D:9      | Acquired the ring "Holoffid" {rF++ Will+ EV+5 Int-2}
  9107 | D:9      | Found a flagged portal.
  9149 | Bailey   | Entered a bailey
  9540 | Bailey   | Reached XP level 11. HP: 90/90 MP: 12/12
  9559 | Bailey   | Identified the +4 rapier of the Wasteland {freeze, rC- MP+9
                  | Int+3}
  9629 | Bailey   | Reached skill level 10 in Fighting
  9789 | Bailey   | :wow did this bailey's loot get severely nerfed
  9856 | D:9      | Found Safruh's General Store.
 10001 | D:9      | Noticed a two-headed ogre
 10016 | D:9      | Found a hide-covered altar of Uskayaw.
 10018 | D:9      | Killed a two-headed ogre
 10174 | D:9      | Found a hazy altar of Hepliaklqana.
 10253 | D:9      | Noticed a two-headed ogre
 10348 | D:9      | Reached skill level 5 in Throwing
 10448 | D:9      | Reached skill level 1 in Dodging
 10770 | D:9      | Killed a two-headed ogre
 11293 | D:9      | Noticed a two-headed ogre
 11308 | D:9      | Killed a two-headed ogre
 11568 | D:9      | Found a shimmering altar of Xom.
 11588 | D:10     | Entered Level 10 of the Dungeon
 11708 | D:10     | Reached skill level 5 in Dodging
 11748 | D:10     | Identified the +7 short sword of Impatience {flame, Dex+4}
 11789 | D:10     | Noticed a cyclops
 11820 | D:10     | Found a glowing silver altar of Zin.
 11864 | D:10     | Noticed Snorg
 12066 | D:8      | Killed a two-headed ogre
 13067 | D:11     | Reached XP level 12. HP: 89/97 MP: 13/13
 13120 | D:11     | Noticed a boulder beetle
 13136 | D:11     | Killed a boulder beetle
 13323 | D:11     | Found a staircase to the Lair.
 13567 | D:11     | Reached skill level 1 in Armour
 13793 | D:11     | Found a staircase to the Orcish Mines.
 13990 | D:11     | Noticed a boulder beetle
 14005 | D:11     | Killed a boulder beetle
 14186 | D:11     | Reached skill level 5 in Armour
 15236 | Lair:1   | Entered Level 1 of the Lair of Beasts
 16148 | Lair:1   | Reached XP level 13. HP: 91/103 MP: 14/14
 16676 | Lair:2   | Found a hole to the Spider Nest.
 16948 | Lair:2   | Noticed a catoblepas
 17460 | Lair:2   | Killed a catoblepas
 17461 | Lair:2   | Reached skill level 15 in Unarmed Combat
 17919 | Lair:3   | Noticed a catoblepas
 17931 | Lair:3   | Killed a catoblepas
 18507 | Lair:3   | Found a staircase to the Shoals.
 19193 | Lair:3   | Reached skill level 10 in Dodging
 19342 | Lair:3   | Noticed a five-headed hydra
 19348 | Lair:3   | Killed a five-headed hydra
 20181 | Lair:4   | Reached XP level 14. HP: 110/110 MP: 15/15
 21050 | Lair:4   | Found a viscous altar of Jiyva.
 21050 | Lair:4   | Found a staircase to the Slime Pits.
 21173 | Lair:4   | Noticed Josephine
 21741 | Lair:4   | Killed Josephine
 22203 | Lair:5   | Entered Level 5 of the Lair of Beasts
 23177 | Lair:5   | Reached skill level 10 in Armour
 24116 | Lair:5   | Reached XP level 15. HP: 66/115 MP: 16/16
 25888 | Lair:5   | Found the +2 hat of the Bear Spirit {Spirit, Bear, *Rage
                  | Will++}
 25892 | Lair:5   | Identified the +9 war axe of Risk Management {flame, rF+
                  | Int-3 Dex+2}
 27594 | D:12     | Reached skill level 15 in Armour
 28434 | D:13     | Gained mutation: Your magical capacity is low. (-10% MP) [a
                  | shining eye]
 28500 | D:13     | Found a gate to the Vaults.
 28933 | D:13     | Reached XP level 16. HP: 80/122 MP: 15/15
 29400 | D:14     | Found Yqaoptus's Distillery.
 30005 | D:14     | Noticed Kirke
 30042 | D:15     | Entered Level 15 of the Dungeon
 30258 | D:15     | Found a staircase to the Depths.
 30682 | D:14     | :ahh
 30684 | D:14     | Bought a potion of heal wounds for 60 gold pieces
 30684 | D:14     | Bought a potion of cancellation for 96 gold pieces
 30684 | D:14     | Bought a potion of resistance for 120 gold pieces
 30684 | D:14     | Bought a potion of might for 48 gold pieces
 30809 | Orc:1    | Entered Level 1 of the Orcish Mines
 31187 | Orc:2    | Entered Level 2 of the Orcish Mines
 31312 | Orc:2    | Found Mashra Irph's Jewellery Boutique.
 31414 | Orc:1    | Found Ebleinah's Armour Shop.
 31918 | Orc:2    | Reached skill level 1 in Shields
 32214 | Orc:2    | Found a staircase to the Elven Halls.
 32325 | Orc:2    | Reached skill level 5 in Shields
 32407 | Orc:2    | Found Paugumu's Book Shoppe.
 32432 | Orc:2    | Found Detug's Book Emporium.
 32602 | Orc:2    | Found Yvuacycu's Distillery.
 32716 | Orc:2    | Bought a potion of curing for 36 gold pieces
 32716 | Orc:2    | Bought a potion of heal wounds for 60 gold pieces
 32716 | Orc:2    | Bought a potion of curing for 36 gold pieces
 32716 | Orc:2    | Bought a potion of ambrosia for 96 gold pieces
 32975 | Orc:1    | Bought a +1 pair of gloves for 161 gold pieces
 32975 | Orc:1    | Bought the +5 scale mail of the Spheres {Dex+3 Slay+2} for
                  | 709 gold pieces
 33365 | D:14     | Noticed a sphinx
 33372 | D:14     | Killed Kirke
 34168 | D:15     | Found a portal to a secret trove of treasure.
 34371 | Shoals:1 | Entered Level 1 of the Shoals
 34381 | Shoals:1 | Noticed a kraken
 34431 | Shoals:1 | Killed a kraken
 34432 | Shoals:1 | Reached XP level 17. HP: 57/133 MP: 16/16
 37413 | Shoals:3 | :asdfg
 38231 | Shoals:3 | Found the +7 mace of Variability {chaos, chaos arc}
 38298 | Shoals:3 | Noticed Polyphemus
 38323 | Shoals:3 | Killed Polyphemus
 38324 | Shoals:3 | Reached skill level 5 in Evocations
 39259 | Shoals:4 | Entered Level 4 of the Shoals
 40619 | Shoals:4 | Reached XP level 18. HP: 103/143 MP: 17/17
 41489 | Shoals:4 | Identified the +2 pair of gloves of Shielding {Regen+}
 41504 | Shoals:4 | Got a barnacled rune of Zot
 41666 | Shoals:4 | Reached skill level 15 in Dodging
 41757 | Shoals:4 | Noticed a sphinx
 41774 | Shoals:4 | Killed a sphinx
 41781 | Shoals:4 | Identified the +5 leather armour of Henotheism {rElec rF-
                  | Dex+8 SInv}
 41824 | Shoals:4 | Identified the +0 helmet "Doackil" {Dex+4}
 42372 | Spider:1 | Entered Level 1 of the Spider Nest
 42570 | Spider:1 | Identified the +0 robe of Demonic Satisfaction {Regen+
                  | Int+4}
 44675 | Spider:3 | Reached XP level 19. HP: 152/152 MP: 18/18
 45781 | Spider:3 | Identified the +0 chain mail of the Imp {rElec rCorr MP+9
                  | Int-5}
 46105 | Spider:4 | Entered Level 4 of the Spider Nest
 46698 | Spider:4 | Noticed Arachne
 46713 | Spider:4 | Killed Arachne
 48075 | Spider:4 | Got a gossamer rune of Zot
 48670 | Spider:4 | Reached XP level 20. HP: 150/159 MP: 19/19
 49039 | Vaults:1 | Entered Level 1 of the Vaults
 49166 | Vaults:1 | Noticed Saint Roka
 49218 | Vaults:1 | Killed Saint Roka
 49511 | Vaults:1 | Reached skill level 15 in Fighting
 49542 | Vaults:1 | Identified the granite talisman of the Furrier {Will++
                  | rCorr Str+3 Int-3}
 49546 | Vaults:1 | :nice
 49678 | Vaults:1 | Noticed Nikola
 49706 | Vaults:1 | Killed Nikola
 49836 | Vaults:1 | Found Batz's Weapon Shop.
 50630 | Vaults:1 | Noticed Donald
 50644 | Vaults:1 | Killed Donald
 51196 | Vaults:2 | :hmm there's something wrong with my rc re these doors
 51221 | Vaults:2 | :there we go
 51452 | Vaults:2 | Reached XP level 21. HP: 168/168 MP: 20/20
 52112 | Vaults:2 | Found Kari's Magic Scroll Boutique.
 52120 | Vaults:2 | Bought 3 scrolls of immolation for 156 gold pieces
 52120 | Vaults:2 | Bought 2 scrolls of vulnerability for 104 gold pieces
 52131 | Vaults:2 | Acquired 1132 gold pieces
 52375 | Vaults:2 | Found Daumoor's Distillery.
 52382 | Vaults:2 | Bought a potion of invisibility for 144 gold pieces
 52382 | Vaults:2 | Bought a potion of heal wounds for 90 gold pieces
 52382 | Vaults:2 | Bought a potion of invisibility for 144 gold pieces
 52382 | Vaults:2 | Bought a potion of mutation for 144 gold pieces
 52385 | Vaults:2 | Found Puoxyhauc's General Store.
 52390 | Vaults:2 | Bought a scroll of fear for 52 gold pieces
 52905 | Vaults:2 | Found a staircase to the Crypt.
 53714 | Vaults:3 | Identified the +1 ring mail of Autumn {rCorr Dex+2 Stlth+}
 53718 | Vaults:3 | Found Onyunatas's General Store.
 53727 | Vaults:3 | Bought a scroll of revelation for 142 gold pieces
 53727 | Vaults:3 | Bought a scroll of fog for 76 gold pieces
 53727 | Vaults:3 | Bought a scroll of silence for 180 gold pieces
 53939 | Vaults:3 | Noticed Margery
 53974 | Vaults:3 | Killed Margery
 55847 | Vaults:4 | Reached XP level 22. HP: 81/182 MP: 21/21
 55847 | Vaults:4 | Identified the +4 broad axe "Hydraslayer" {antimagic, Fly
                  | rC+++ Str-5 Dex-5}
 56157 | Vaults:4 | Acquired the +0 shadow dragon scales of Ympyti {Rampage
                  | rElec rCorr Str-5 Stlth++++}
 57565 | Vaults:4 | Found a huge runed translucent gate.
 57565 | Vaults:4 | Found a huge runed translucent gate.
 57565 | Vaults:4 | Found a huge runed translucent gate.
 57565 | Vaults:4 | Found a huge runed translucent gate.
 57565 | Vaults:4 | Found a huge runed translucent gate.
 57566 | Vaults:4 | Found a huge runed translucent gate.
 57566 | Vaults:4 | Found a huge runed translucent gate.
 57566 | Vaults:4 | Found a huge runed translucent gate.
 57566 | Vaults:4 | Found a huge runed translucent gate.
 57566 | Vaults:4 | Found a huge runed translucent gate.
 57567 | Vaults:4 | Found a huge runed translucent gate.
 57568 | Vaults:4 | Found a huge runed translucent gate.
 57569 | Vaults:4 | Found a huge runed translucent gate.
 57570 | Vaults:4 | Found a huge runed translucent gate.
 57571 | Vaults:4 | Found a huge runed translucent gate.
 57572 | Vaults:4 | Found a huge runed translucent gate.
 57573 | Vaults:4 | Found a huge runed translucent gate.
 57573 | Vaults:4 | Found a huge runed translucent gate.
 57578 | Vaults:4 | Found a huge runed translucent gate.
 57579 | Vaults:4 | Found a huge runed translucent gate.
 57579 | Vaults:4 | Found a huge runed translucent gate.
 57579 | Vaults:4 | Found a huge runed translucent gate.
 57579 | Vaults:4 | Found a huge runed translucent gate.
 57582 | Vaults:4 | Found a huge runed translucent gate.
 57583 | Vaults:4 | Found a huge runed translucent gate.
 57584 | Vaults:4 | Found a huge runed translucent gate.
 57584 | Vaults:4 | Found a huge runed translucent gate.
 57590 | Vaults:4 | Found a huge runed translucent gate.
 57591 | Vaults:4 | Found a huge runed translucent gate.
 57591 | Vaults:4 | Found a huge runed translucent gate.
 57591 | Vaults:4 | Found a huge runed translucent gate.
 57591 | Vaults:4 | Found a huge runed translucent gate.
 57593 | Vaults:4 | Found a huge runed translucent gate.
 57594 | Vaults:4 | Found a huge runed translucent gate.
 57595 | Vaults:4 | Found a huge runed translucent gate.
 57595 | Vaults:4 | Found a huge runed translucent gate.
 57884 | Depths:1 | Entered Level 1 of the Depths
 58003 | Depths:1 | Learned a level 1 spell: Apportation
 58217 | Depths:1 | Noticed Asterion
 58432 | Depths:1 | Killed Asterion
 58474 | Depths:1 | Found a one-way gate to the infinite horrors of the Abyss.
 58502 | Depths:1 | Noticed Mara
 58625 | Depths:1 | Found a shimmering altar of Xom.
 58642 | Depths:1 | Found a gateway to Hell.
 58933 | Depths:1 | Reached skill level 10 in Throwing
 59449 | Vaults:2 | Bought a +4 ring of protection for 468 gold pieces
 60408 | Depths:2 | Noticed a juggernaut
 60425 | Depths:2 | Killed a juggernaut
 60665 | Depths:2 | Reached XP level 23. HP: 124/178 MP: 22/22
 60797 | Depths:2 | Noticed a juggernaut
 60896 | Depths:2 | Identified the ring "Saocw" {Wiz Fly rCorr Str-5 Int+2
                  | Dex+3}
 61154 | Depths:2 | Noticed a juggernaut
 61422 | Depths:2 | Killed a juggernaut
 61940 | Depths:3 | Reached skill level 10 in Stealth
 62603 | Depths:4 | Entered Level 4 of the Depths
 62676 | Depths:4 | Found a one-way gateway to a ziggurat.
 62992 | Depths:4 | Found a corrupted altar of Lugonu.
 63054 | Depths:4 | Noticed a juggernaut
 63086 | Depths:4 | Killed a juggernaut
 63182 | Depths:4 | Found an opulent altar of Gozag.
 63965 | Depths:4 | Found a gate to the Realm of Zot.
 64174 | Depths:4 | Noticed a golden dragon
 64192 | Depths:4 | Killed a golden dragon
 64413 | Depths:4 | Voluntarily entered the Abyss.
 64649 | Abyss:3  | Reached XP level 24. HP: 171/197 MP: 22/22
 64693 | Abyss:3  | Found a corrupted altar of Lugonu.
 64901 | Depths:4 | Escaped the Abyss
 65014 | Depths:3 | Voluntarily entered the Abyss.
 65027 | Abyss:4  | Found a corrupted altar of Lugonu.
 65029 | Abyss:4  | Found a corrupted altar of Lugonu.
 65146 | Abyss:4  | Gained mutation: You occasionally lose the ability to read
                  | scrolls when taking damage. [a neqoxec]
 65299 | Depths:3 | Escaped the Abyss
 65506 | Depths:3 | Voluntarily entered the Abyss.
 65940 | Abyss:4  | Reached skill level 15 in Stealth
 65962 | Depths:3 | Escaped the Abyss
 66310 | Depths:3 | Noticed a golden dragon
 66401 | Depths:3 | Killed a golden dragon
 66782 | Depths:3 | Noticed a golden dragon
 66796 | Depths:3 | Killed a golden dragon
 67018 | Depths:3 | Noticed a juggernaut
 67020 | Depths:3 | Noticed a caustic shrike
 67039 | Depths:3 | Killed a juggernaut
 67065 | Depths:3 | Noticed a golden dragon
 67099 | Depths:3 | Killed a golden dragon
 67156 | Depths:3 | Noticed a juggernaut
 67170 | Depths:3 | Killed a juggernaut
 67171 | Depths:3 | Reached XP level 25. HP: 210/210 MP: 22/22
 67213 | Depths:3 | Killed a caustic shrike
 67227 | Depths:3 | Noticed a caustic shrike
 67239 | Depths:3 | Killed a caustic shrike
 67567 | Depths:2 | Lost mutation: Your magical capacity is low. (-10% MP)
                  | [potion of mutation]
 67567 | Depths:2 | Lost mutation: You occasionally lose the ability to read
                  | scrolls when taking damage. [potion of mutation]
 67567 | Depths:2 | Gained mutation: Your flesh is heat resistant. (rF+)
                  | [potion of mutation]
 67589 | Depths:2 | Killed a juggernaut
 68130 | Depths:2 | Identified the ring "Anuamel" {rC- Slay+6 SInv}
 68483 | Depths:2 | Found a one-way gate leading to the halls of Pandemonium.
 68624 | Depths:2 | Identified the +2 robe of the Sailor {+Blink SInv}
 69035 | Elf:1    | Entered Level 1 of the Elven Halls
 70028 | Elf:2    | Noticed Roxanne
 70150 | Elf:2    | Acquired 870 gold pieces
 70287 | Elf:2    | Found a runed translucent gate.
 70288 | Elf:2    | Found a runed translucent gate.
 70288 | Elf:2    | Found a runed translucent gate.
 71121 | Elf:2    | Noticed Norris
 71140 | Elf:2    | Killed Norris
 71595 | Elf:2    | Reached XP level 26. HP: 224/224 MP: 24/24
 71934 | Elf:3    | Entered Level 3 of the Elven Halls
 72008 | Elf:2    | Killed Roxanne
 72480 | Elf:3    | Identified the +10 war axe "Wixehy" {drain, rC+ rN++ Str+4
                  | Int+2}
 72480 | Elf:3    | Identified the ring of the Will of the Gods {rElec rF+
                  | Str+2 Int+6}
 72739 | Elf:3    | Identified the +8 hand axe of Res Nullius {elec, rN+ Will+}
 72905 | Elf:3    | Found a bloodstained altar of Trog.
 73042 | Elf:3    | Got the Octavo of the Kitsune
 73053 | Elf:3    | Got the Precepts of Flames and Creation
 73058 | Elf:3    | Identified the staff of Gloom {rElec Dex+5 Summ Necro Ice
                  | Air}
 73182 | Elf:3    | Identified the +9 orcbow of Incongruity {elec, rF+ Will+
                  | Int+3}
 73547 | Elf:3    | Found Vaniwnifil's Book Emporium.
 73549 | Elf:3    | Found Zelihuza's Jewellery Boutique.
 73550 | Elf:3    | Found Jeda's Book Emporium.
 74357 | Vaults:5 | Entered Level 5 of the Vaults
 74716 | Vaults:5 | Identified the +10 great sword of Conversion {freeze,
                  | rElec}
 74736 | Vaults:5 | Identified the +1 chain mail of Purpose {^Contam rElec rC+
                  | rN+}
 74852 | Vaults:5 | Identified the +8 long sword "Ustremut" {speed, Str+2}
 74852 | Vaults:5 | Identified the ring "Zeidwuvu" {Wiz rPois rF+ Dex+5}
 74955 | Vaults:5 | Identified the +1 helmet of Hedging {+Inv Dex+4}
 75257 | Vaults:5 | Reached skill level 10 in Shields
 75447 | Vaults:5 | Identified the +2 scale mail of Shadows and Fog {Harm rN+
                  | Str+2 Int+2}
 75542 | Vaults:5 | Reached XP level 27. HP: 190/231 MP: 20/24
 75586 | Vaults:5 | Identified the +1 demon whip "Giantbane" {spect, rF+ MP-9
                  | Str+8 Dex+4}
 75850 | Vaults:5 | Got a silver rune of Zot
 77475 | Zot:1    | Entered Level 1 of the Realm of Zot
 78458 | D:14     | Bought a potion of attraction for 36 gold pieces
 78458 | D:14     | Bought a potion of enlightenment for 60 gold pieces
 78668 | Orc:2    | Bought a potion of mutation for 96 gold pieces
 78668 | Orc:2    | Bought a potion of mutation for 96 gold pieces
 78668 | Orc:2    | Bought a potion of mutation for 96 gold pieces
 79119 | Zot:1    | Identified the +1 leather armour of the Kraken {rN+}
 79294 | Zot:1    | Gained mutation: You have hidden genetic defects.
                  | [mutagenic glow]
 79304 | Zot:1    | Lost mutation: Your flesh is heat resistant. (rF+) [potion
                  | of mutation]
 79304 | Zot:1    | Lost mutation: You have hidden genetic defects. [potion of
                  | mutation]
 79304 | Zot:1    | Gained mutation: You have sharp toenails. [potion of
                  | mutation]
 79304 | Zot:1    | Gained mutation: Your magical capacity is low. (-10% MP)
                  | [potion of mutation]
 79315 | Zot:1    | Gained mutation: You are frail. (-10% HP) [mutagenic glow]
 79371 | Zot:1    | Lost mutation: You have sharp toenails. [potion of
                  | mutation]
 79371 | Zot:1    | Lost mutation: You are frail. (-10% HP) [potion of
                  | mutation]
 79371 | Zot:1    | Gained mutation: You are clumsy. (Dex -2) [potion of
                  | mutation]
 79371 | Zot:1    | Gained mutation: You have large cloven feet. [potion of
                  | mutation]
 79403 | Zot:1    | Gained mutation: You are dopey. (Int -2) [mutagenic glow]
 83285 | Zot:4    | Noticed an orb of fire
 83304 | Zot:4    | Killed an orb of fire
 84019 | Zot:5    | Entered Level 5 of the Realm of Zot
 84633 | Zot:5    | Noticed a dread lich
 84669 | Zot:5    | Killed a dread lich
 84722 | Zot:5    | Noticed an orb of fire
 84742 | Zot:5    | Killed an orb of fire
 84745 | Zot:5    | Noticed a dread lich
 84759 | Zot:5    | Killed a dread lich
 84800 | Zot:5    | Noticed a dread lich
 84812 | Zot:5    | Killed a dread lich
 84817 | Zot:5    | Noticed an orb of fire
 84848 | Zot:5    | Gained mutation: Potions are less effective at restoring
                  | your health. [an orb of fire]
 84851 | Zot:5    | Gained mutation: You are vulnerable to cold. (rC-) [an orb
                  | of fire]
 84856 | Zot:5    | Gained mutation: Potions cannot restore your health. [an
                  | orb of fire]
 84862 | Zot:5    | Killed an orb of fire
 84862 | Zot:5    | Noticed an orb of fire
 84880 | Zot:5    | Killed an orb of fire
 84881 | Zot:5    | Lost mutation: You are clumsy. (Dex -2) [potion of
                  | mutation]
 84881 | Zot:5    | Lost mutation: You are vulnerable to cold. (rC-) [potion of
                  | mutation]
 84881 | Zot:5    | Gained mutation: You are covered in fur. (AC +1) [potion of
                  | mutation]
 84881 | Zot:5    | Lost mutation: Your magical capacity is low. (-10% MP)
                  | [potion of mutation]
 84881 | Zot:5    | Gained mutation: You are strong-willed. (Will+) [potion of
                  | mutation]
 84881 | Zot:5    | Lost mutation: You are dopey. (Int -2) [potion of mutation]
 84882 | Zot:5    | Lost mutation: Potions cannot restore your health. [potion
                  | of mutation]
 84882 | Zot:5    | Lost mutation: You have large cloven feet. [potion of
                  | mutation]
 84882 | Zot:5    | Gained mutation: You are agile. (Dex +4, Str/Int -1)
                  | [potion of mutation]
 84882 | Zot:5    | Gained mutation: You have large cloven feet. [potion of
                  | mutation]
 84882 | Zot:5    | Gained mutation: You have hoof-like feet. [potion of
                  | mutation]
 84883 | Zot:5    | Lost mutation: You have hoof-like feet. [potion of
                  | mutation]
 84883 | Zot:5    | Lost mutation: You have large cloven feet. [potion of
                  | mutation]
 84883 | Zot:5    | Lost mutation: Potions are less effective at restoring your
                  | health. [potion of mutation]
 84883 | Zot:5    | Gained mutation: You are somewhat resistant to further
                  | mutation. [potion of mutation]
 84883 | Zot:5    | Gained mutation: You have sharp fingernails. [potion of
                  | mutation]
 84894 | Zot:5    | Noticed a dread lich
 84894 | Zot:5    | Noticed a Killer Klown
 84894 | Zot:5    | Noticed an ancient lich
 84894 | Zot:5    | Noticed a Killer Klown
 84894 | Zot:5    | Noticed a Killer Klown
 84910 | Zot:5    | Killed a dread lich
 84919 | Zot:5    | Killed an ancient lich
 84922 | Zot:5    | Noticed a dread lich
 84922 | Zot:5    | Noticed a Killer Klown
 84932 | Zot:5    | Killed a dread lich
 84946 | Zot:5    | Killed a Killer Klown
 84975 | Zot:5    | Killed a Killer Klown
 84991 | Zot:5    | Killed a Killer Klown
 85000 | Zot:5    | Killed a Killer Klown
 85180 | Zot:5    | Noticed a Killer Klown
 85182 | Zot:5    | Noticed a Killer Klown
 85212 | Zot:5    | Killed a Killer Klown
 85222 | Zot:5    | Killed a Killer Klown
 85354 | Zot:5    | Got the Orb of Zot
 85436 | Zot:5    | Noticed Ulo Jomp the pandemonium lord
 85675 | Depths:3 | Noticed Pasch the pandemonium lord
 85701 | Depths:2 | Killed Pasch the pandemonium lord
 85826 | Depths:1 | Noticed Ypuamait the pandemonium lord
 85872 | D:15     | Killed Ypuamait the pandemonium lord
 86082 | D:8      | Noticed a seraph
 86200 | D:$      | Escaped with the Orb!

Illustrated notes .!.............#### .##. #......).....## ..... #.....###...## ..... ##..#..##...# .....#...........## ...... .###.....## .Y....####..†#### ........5....## ....##.@......# #{#.YYY......# #...........# #.♣...(....## #..P..#.#### #....♣### ##P.. #### Turn 5810 on D:6: :fug ######## #.....@# #.###### Turn 9082 on D:9: :big gold or a fly amulet for the bailey #∩......##..## ###...#......# ###########.#### ##......)........ #..))...######### ##..######.......# ##...#)#..#...)...# ######....#'#..#.......# #≈≈≈≈≈≈@..#.'..####'#### ##≈≈≈≈≈≈≈.###.........). ##≈≈≈≈≈≈≈).#..####'#### ####≈≈≈≈≈≈####.......# ####≈≈≈≈≈∩#.......# ###≈≈≈≈######### ###≈≈≈≈≈≈≈≈≈≈≈ ###≈≈≈≈≈≈≈≈~ ##........ Turn 9789 on Bailey: :wow did this bailey's loot get severely nerfed

.......# .......# .......#
######## ##..#### #......####
#..# ##########.......... #..#
##.......##......###. #†.#
#####.#######.##...###### #<†#
#.....#.....#............ #..#
#.....#.@.∩.#..#......... ##..#
#.....#.....#.##......... #...#
#.....#######.##......... #.#.#
#.......)....###......<.. ..#.#
###..############....u†... ..#.#
#...#######...............
..#.####.####......#####.........
..............###### #.........
..#..########## #u##..#...


Turn 30682 on D:14: :ahh ~~.~~~~..~)..## #.~~~~ ..~~~~~.......#####...~~~
.S~≈≈~~.>......[..#..~~~~ ~~~~≈~~~....~~......~..~~ ~≈≈~≈≈≈≈~~..~~.....m....~
~.~~≈≈≈≈............~...~~ .......~.#......mS..~~~~~, ##..~~.~..##....#....~~~E
#.......~....@###...~.~. #..........~~## #..~~~.. ........~~~~###...~~~~~
.~..~..........~~~~≈~~~ ~~~~~~..#...~~~~≈≈≈≈≈≈≈ ≈~~~..#####.~~~~≈≈≈≈≈≈ ≈~~~.#
##.~~≈≈≈≈≈ ≈≈~~. ##.~~≈≈≈≈≈ ≈≈~.# ##.~~~≈≈≈≈≈ Turn 37413 on Shoals:3: :asdfg
######## #..%...######## #......#....... #......'.# #.# #..@)..#†# #.#
#......#)# ##### #.# #......#[# #...# #[# ########.# ...# #.# #.# ..#.#.#
#.#.###'#.#.# #.#....)..#.+ #.#####)###.# #..[).))).[.# Turn 49546 on Vaults:1:
:nice ### #.#+## +....# ##.<.## #....@# ##+#.#..# ###..# #.# ## Turn 51196 on
Vaults:2: :hmm there's something wrong with my rc re these doors ### #.## #..###
#..#.#+## ########.#'....### #......'.##.<.##.# #....@.###....'#.#
+......####'#.#..# +......##..####..# +......#.....###.# #......####### ###
#......# {######## Turn 51221 on Vaults:2: :there we go

Levels and vault maps discovered:
D:1:      roderic_dead_forest, layout_loops_ring, minmay_nonomino_d4
D:2:      layout_rooms, hangedman_decor_slide_cut, minivault_23
D:3:      layout_loops_ring, shapermc_ecumenical_altar_mp_urbaneastern,
          nicolae_hexahallways
D:4:      layout_layer_cave, uniq_edmund, uniq_menkaure, uniq_sigmund
D:5:      layout_loops_corners, trog_antimagical, uniq_pikel
D:6:      cheibrodos_helix_gallery, layout_cave_pools, tso_oasis_becter,
          serial_demonic, serial_demonic_c, serial_demonic_a, serial_demonic_a,
          serial_demonic_e, serial_demonic_b, serial_demonic_f,
          minmay_fractal_squares_diagonal_5
D:7:      minmay_recursive_quarters, layout_basic, amcnicky_altar_gilded,
          kennysheep_mini, minmay_temple_entry_statues_fountains,
          gammafunk_ghost_grave, minmay_diced_spiral
D:8:      layout_cave_pods, minitemple
D:9:      layout_basic, kennysheep_little_box,
          mainiacjoe_overflow_small_starburst, nicolae_uskayaw_dance_studio,
          enter_bailey_5, serial_shops, shop
D:10:     layout_long_grid, lemuel_round_altar, okawaru_trees_1, serial_shops,
          shop_fountains, uniq_snorg, uniq_maurice
D:11:     wad_woods_structure_01, layout_irregular_city, lair_entry_dummy,
          minmay_orc_entry_temple_small
D:12:     layout_stronghold
D:13:     layout_roguey, david_vaults_2
D:14:     layout_rooms, serial_shops, nicolae_take_the_stairs, uniq_kirke
D:15:     grunt_enter_depths_hoard, layout_loops_ring, minmay_misc_feat_iff,
          enter_trove_5
Temple:   hellmonk_temple_divided_pantheon
Lair:1:   layout_hall_layers
Lair:2:   layout_chaotic_city, hellmonk_spider_entry_not_the_bees,
          grunt_forest_large_clearings
Lair:3:   layout_loops_ring, shoals_dummy_entry
Lair:4:   pond_and_an_island_with_a_cottage, layout_small_grid, slime_entry_1,
          infiniplex_staircase_pool_2, grunt_megastairs_2, uniq_josephine
Lair:5:   hangedman_lair_in_review, layout_gridlike, guppyfry_lair_end_dragon,
          chequers_serial_rivers_micro_c, lookout_lair_type,
          nicolae_lair_lindhole
Shoals:1: layout_shoals
Shoals:2: layout_shoals, nicolae_shoals_isolated_beach
Shoals:3: layout_shoals, uniq_polyphemus
Shoals:4: shoals_end_hellmonk_lost_city
Spider:1: layout_cave_pods, hangedman_spider_tarantella_strand
Spider:2: layout_spider_delve, nicolae_spider_rock_and_or_roll
Spider:3: layout_spider_delve
Spider:4: johnstein_spider_rune_arachne_lair
Orc:1:    layout_caves, basic_altar, serial_shops, nicolae_shop_tiny_waterfront
Orc:2:    st_orc_town, layout_caves, serial_shops, nicolae_shop_statue_plus
Elf:1:    nicolae_elf_arrival_no_cutting_in_line, layout_loops_cross,
          nicolae_elf_crossing_hall, minmay_librarian
Elf:2:    nicolae_elf_blades_crystal_corner, layout_loops_corners,
          nicolae_elf_deep_friendship, uniq_norris, uniq_roxanne
Elf:3:    minmay_elf_hall_dome, layout_geoelf_octagon, serial_aquarium,
          aquarium_bridge_square [aquarium_subvault_wall,
          aquarium_subvault_window, aquarium_subvault_bridge,
          aquarium_subvault_bridge], aquarium_bridge_square
          [aquarium_subvault_bridge, aquarium_subvault_bridge,
          aquarium_subvault_wall, aquarium_subvault_wall], aquarium_window_fake,
          aquarium_window_corridor_3, aquarium_view_2c, aquarium_pool_2,
          minivault_14, evilmike_spriggan_trog_shrine, minmay_shop_grove
Vaults:1: nicolae_vaults_border_crossing, nicolae_vaults_storage_closets_3,
          ontoclasm_vaults_gateway, v_misc_13, vaults_mumra_lcd,
          nicolae_vaults_six-pack, nicolae_vaults_little_squares_3,
          hangedman_vaults_variations, v_misc_29, v_alt_pattern_5,
          ontoclasm_vaults_pinch, nicolae_vaults_asterisk,
          nicolae_vaults_trapezoid_lopsided_3, layout_vaults_omnicross,
          serial_shops, shop, uniq_saint_roka, uniq_nikola, uniq_donald
Vaults:2: nicolae_vaults_fighting_squares, v_rooms_6, v_misc_22,
          vaults_standard_mumra_lines, nicolae_vaults_trapezoid_2,
          grunt_vaults_focal, nicolae_vaults_theta, hangedman_vaults_slice,
          hangedman_vaults_capsules, ontoclasm_vaults_shuriken,
          nicolae_vaults_storage_closets_2, nicolae_vaults_little_ls,
          minmay_crypt_entry_simple_box, ontoclasm_vaults_decontamination,
          layout_vaults_ring, serial_shops, shop,
          nicolae_shop_tiny_real_fake_doors, nicolae_shop_waterfront
Vaults:3: v_rooms_4, ontoclasm_vaults_twist, nicolae_vaults_closet_pinwheel_1,
          nicolae_vaults_stepped_doors, vaults_dpeg_hooks,
          nicolae_vaults_trapezoid_2, nicolae_vaults_trapezoid_lopsided_1,
          nicolae_vaults_storage_room_statues, vaults_dpeg_emergency_exit,
          layout_vaults_omnigrid, serial_shops, nicolae_shop_tiny_statue_garden,
          uniq_margery
Vaults:4: gammafunk_ghost_door_vault, nicolae_vaults_little_squares_6,
          v_misc_33, v_rooms_4, v_misc_11, nicolae_vaults_sightless_eye,
          grunt_vaults_hallway_long, ontoclasm_vaults_chip,
          nicolae_vaults_two_Ls, nicolae_vaults_surprise_closet_hard,
          layout_vaults_chaotic_city
Vaults:5: serial_shops
Depths:1: layout_forbidden_donut, xom_teletrap_fun, hell_entry, abyss_entry,
          nrook_mini_backslash, minivault_16, lightli_corner_chamber,
          roderic_lattice_octagonal_star, uniq_asterion, uniq_mara
Depths:2: box_level_dp, pan_entry, abyss_entry, hell_entry
Depths:3: gammafunk_depths_water_palace, layout_basic,
          abyss_entry_small_statue_room, pf_coc_iceberg, uniq_josephina
Depths:4: grunt_x_marks_the_spot, layout_gridlike, enter_ziggurat_f,
          nicolae_concentric_dashed_squares_wild, abyss_entry_flame_altar,
          pf_vacation_house_of_asmodeus, grunt_gozag_breadcrumbs
Zot:1:    layout_gridville, regret_index_zotdec_slimy_original
Zot:2:    layout_gridlike
Zot:3:    layout_misc_corridors, hangedman_hellfire_club
Zot:4:    layout_cathedral_of_symmetry, nzn_random_ring
Zot:5:    layout_misc_corridors

Skill      XL: |  1  2  3  4  5  6  7  8  9 10 11 12 13 14 15 16 17 18 19 20 21 22 23 24 25 26 27 |
---------------+----------------------------------------------------------------------------------+-----
Unarmed Combat | 4 5 6 7 8 10 12 13 15 17 18 20 21 22 25 | 25.0
Fighting       | 5 7 9 10 12 13 14 15 17 18 19 22 25 | 25.0
Stealth        | 1 6 10 15 | 15.0
Throwing       | 3 4 6 10 | 10.0
Evocations     | 4 8 |  8.0
Dodging        | 6 8 11 12 13 14 17 19 20 21 23 | 23.0
Armour         | 5 11 15 17 19 22 | 22.0
Shields        | 6 8 11 14 | 14.3
Spellcasting   | |  1.1
Fire Magic     | |  3.0

Action                     |  1- 3 |  4- 6 |  7- 9 | 10-12 | 13-15 | 16-18 | 19-21 | 22-24 | 25-27 || total
---------------------------+-------+-------+-------+-------+-------+-------+-------+-------+-------++-------
  Melee: Unarmed           |    44 |   111 |   204 |   608 |  1002 |  1783 |  1927 |  2300 |  3556 || 11535
         Punch             |     1 |     3 |    16 |    65 |   150 |    54 |       |       |       ||   289
  Throw: Stone             |       |     8 |    58 |    23 |       |       |       |       |       ||    89
         Dart              |       |       |    11 |   199 |    59 |    85 |   112 |    11 |       ||   477
         Boomerang         |       |       |       |    42 |   300 |   291 |   276 |   256 |   147 ||  1312
         Throwing net      |       |       |       |     2 |     2 |     1 |     3 |       |     1 ||     9
         Javelin           |       |       |       |       |     6 |       |     3 |    16 |    30 ||    55
   Cast: Apportation       |       |       |       |       |       |       |       |     2 |       ||     2
 Invoke: Fiery Armour      |     2 |     2 |     1 |     1 |     2 |     2 |       |       |       ||    10
         Foxfire Swarm     |       |     2 |       |       |       |       |       |       |       ||     2
         Rising Flame      |       |       |       |       |       |     1 |       |       |       ||     1
Ability: Dig               |     2 |       |       |     2 |     4 |    12 |     3 |    10 |    14 ||    47
  Evoke: Wand              |       |     4 |     4 |    15 |    17 |    13 |    14 |     7 |    12 ||    86
         Box of beasts     |       |       |       |       |       |     2 |     3 |     3 |     3 ||    11
         Tin of tremorston |       |       |       |       |       |       |     1 |     1 |     1 ||     3
         Phantom mirror    |       |       |       |       |       |       |       |       |     1 ||     1
    Use: Scroll            |     1 |     1 |     2 |    10 |     8 |    19 |    12 |     7 |    16 ||    76
         Potion            |       |       |       |     2 |    12 |    16 |     6 |    25 |    16 ||    77
   Stab: Sleeping          |       |       |     2 |     6 |     3 |     7 |    10 |    10 |    17 ||    55
         Held in net/web   |       |       |       |     1 |     2 |     4 |     6 |       |     1 ||    14
         Paralysed         |       |       |       |     2 |     8 |     7 |    14 |       |     9 ||    40
         Distracted        |       |       |       |       |       |     4 |     4 |     6 |     9 ||    23
         Invisible         |       |       |       |       |       |       |       |     4 |     3 ||     7
         Confused          |       |       |       |       |       |       |       |     1 |     1 ||     2
 Armour: Robe              |     8 |       |       |       |       |       |       |       |       ||     8
         Ring mail         |    28 |    51 |   173 |    10 |       |       |       |       |       ||   262
         Acid dragon scale |       |       |       |    56 |   245 |       |       |       |       ||   301
         Scale mail        |       |       |       |    25 |       |   455 |       |       |       ||   480
         Leather armour    |       |       |       |   146 |    46 |       |   410 |   637 |   390 ||  1629
         Skin              |       |       |       |       |    10 |       |       |       |       ||    10
         Swamp dragon scal |       |       |       |       |   105 |   275 |   319 |       |       ||   699
         Plate armour      |       |       |       |       |       |    69 |       |       |       ||    69
         Quicksilver drago |       |       |       |       |       |       |       |       |    36 ||    36
         Ice dragon scales |       |       |       |       |       |       |       |       |   634 ||   634
  Dodge: Dodged            |    33 |    69 |   124 |   365 |   718 |  1522 |  1842 |  1669 |  1820 ||  8162
  Block: Buckler           |       |       |       |       |       |   303 |   244 |       |       ||   547
         Kite shield       |       |       |       |       |       |       |   669 |  1172 |  2395 ||  4236
         Reflection        |       |       |       |       |       |       |    19 |     1 |       ||    20
